[ PARTIDA AOE2 · #507829128 ]
UnrankedJemeres vs Cumans
Equipo del jugador · DERR
Equipo rival · VICT
[ ANÁLISIS DE REPETICIÓN · EXTRAÍDO DE LA PARTIDA GRABADA ]
Feudal
8:43
Castillos
27:29
Imperial
—
| APM promedio | 29.6 |
| APM pico | 51 |
| eAPM promedio | 15.3 |
| Aldeanos / militares | 62 / 6 |
Foco
⚔️ 32.2% · 🌾 67.8%
Knight ×3 · Scout Cavalry ×3
Feudal
8:51
Castillos
20:53
Imperial
—
| APM promedio | 45.0 |
| APM pico | 83 |
| eAPM promedio | 21.5 |
| Aldeanos / militares | 104 / 12 |
Foco
⚔️ 22.8% · 🌾 77.2%
Knight ×5 · Battering Ram ×5 · Camel Scout ×2
Mapa de la partida
Recursos iniciales + cada clic de construcción. Líneas = muros · curvas = relieve. ◆ oro · ⬟ piedra · ● bayas · ✦ reliquia · ◌ hueco del cierre
Tu base· Abierta — flanco sin cerrar
Base de Gnocchini· Abierta — hueco de 10t
Terreno inicial suavizado · ◌ = hueco del cierre detectado · pasá el cursor para detalles
Inputs por minuto
— Lord_calderon - - Gnocchini
Build order — Lord_calderon
Primeras 150 de 178 acciones detectadas
| 0:02 | Encolar | Villager (Male) |
| 0:02 | Encolar | Villager (Male) |
| 0:04 | Construir | House |
| 0:05 | Construir | House |
| 0:09 | Encolar | Villager (Male) |
| 0:09 | Encolar | Villager (Male) |
| 0:10 | Encolar | Villager (Male) |
| 1:42 | Encolar | Villager (Male) |
| 1:42 | Encolar | Villager (Male) |
| 2:00 | Encolar | Villager (Male) |
| 2:32 | Encolar | Villager (Male) |
| 2:49 | Encolar | Villager (Male) |
| 2:50 | Encolar | Villager (Male) |
| 3:25 | Construir | Lumber Camp |
| 3:29 | Construir | House |
| 3:34 | Encolar | Villager (Male) |
| 3:34 | Encolar | Villager (Male) |
| 3:56 | Encolar | Villager (Male) |
| 4:50 | Encolar | Villager (Male) |
| 5:14 | Encolar | Villager (Male) |
| 5:14 | Encolar | Villager (Male) |
| 5:17 | Investigar | Loom |
| 6:33 | Investigar | Feudal Age |
| 6:33 | Investigar | Feudal Age |
| 7:04 | Construir | Mining Camp |
| 7:26 | Construir | House |
| 7:31 | Construir | Palisade Wall |
| 7:39 | Construir | Palisade Wall |
| 7:45 | Construir | House |
| 7:47 | Construir | Palisade Wall |
| 8:43 | Edad | Edad Feudal |
| 8:45 | Encolar | Villager (Male) |
| 8:57 | Construir | Blacksmith |
| 8:59 | Encolar | Villager (Male) |
| 9:47 | Encolar | Villager (Male) |
| 9:57 | Construir | Palisade Wall |
| 10:01 | Construir | Palisade Wall |
| 10:26 | Encolar | Villager (Male) |
| 10:26 | Encolar | Villager (Male) |
| 10:32 | Investigar | Fletching |
| 10:37 | Construir | Watch Tower |
| 10:58 | Encolar | Villager (Male) |
| 11:08 | Construir | Watch Tower |
| 11:19 | Construir | Palisade Wall |
| 11:21 | Construir | Palisade Wall |
| 11:24 | Construir | Palisade Wall |
| 11:27 | Construir | Palisade Wall |
| 11:36 | Construir | Gate |
| 11:38 | Encolar | Villager (Male) |
| 11:45 | Construir | House |
| 11:58 | Construir | Palisade Gate |
| 12:07 | Encolar | Villager (Male) |
| 12:11 | Construir | Mill |
| 12:43 | Construir | Farm |
| 12:56 | Construir | Watch Tower |
| 13:09 | Encolar | Villager (Male) |
| 13:32 | Construir | Farm |
| 13:32 | Construir | Farm |
| 13:41 | Construir | Watch Tower |
| 13:53 | Encolar | Villager (Male) |
| 14:11 | Encolar | Villager (Male) |
| 14:50 | Encolar | Villager (Male) |
| 14:52 | Construir | Farm |
| 14:54 | Construir | Farm |
| 15:04 | Encolar | Villager (Male) |
| 15:16 | Construir | House |
| 15:33 | Encolar | Villager (Male) |
| 15:33 | Encolar | Villager (Male) |
| 15:34 | Construir | Farm |
| 15:34 | Construir | Farm |
| 15:35 | Construir | Farm |
| 16:10 | Encolar | Villager (Male) |
| 16:14 | Encolar | Villager (Male) |
| 16:27 | Encolar | Villager (Male) |
| 16:30 | Construir | Farm |
| 16:31 | Construir | Farm |
| 16:48 | Construir | Watch Tower |
| 16:56 | Construir | Watch Tower |
| 16:59 | Construir | Palisade Wall |
| 17:01 | Construir | Palisade Wall |
| 17:03 | Encolar | Villager (Male) |
| 17:20 | Encolar | Villager (Male) |
| 17:33 | Construir | Farm |
| 17:34 | Construir | Farm |
| 17:34 | Encolar | Villager (Male) |
| 17:40 | Construir | Watch Tower |
| 17:48 | Construir | Farm |
| 17:48 | Construir | Farm |
| 17:49 | Encolar | Villager (Male) |
| 18:00 | Investigar | Double-Bit Axe |
| 18:20 | Construir | House |
| 18:28 | Construir | Palisade Wall |
| 18:41 | Construir | Watch Tower |
| 18:44 | Encolar | Villager (Male) |
| 19:12 | Construir | Farm |
| 19:25 | Construir | Watch Tower |
| 19:28 | Construir | House |
| 19:29 | Construir | House |
| 19:38 | Construir | Palisade Wall |
| 19:41 | Construir | Palisade Wall |
| 19:42 | Construir | Palisade Wall |
| 20:03 | Encolar | Villager (Male) |
| 20:05 | Construir | Farm |
| 20:06 | Construir | Farm |
| 20:06 | Construir | Farm |
| 20:34 | Construir | Stable |
| 20:42 | Investigar | Forging |
| 20:44 | Encolar | Villager (Male) |
| 20:56 | Construir | House |
| 21:10 | Construir | Watch Tower |
| 21:13 | Encolar | Villager (Male) |
| 21:20 | Construir | Farm |
| 21:22 | Construir | Farm |
| 21:22 | Construir | Farm |
| 21:34 | Construir | Mining Camp |
| 21:36 | Encolar | Villager (Male) |
| 21:40 | Encolar | Scout Cavalry |
| 21:40 | Encolar | Scout Cavalry |
| 21:58 | Construir | Farm |
| 21:59 | Construir | Farm |
| 21:59 | Construir | Farm |
| 22:07 | Encolar | Villager (Male) |
| 22:20 | Construir | Watch Tower |
| 22:23 | Encolar | Villager (Male) |
| 22:39 | Encolar | Villager (Male) |
| 22:42 | Construir | House |
| 23:08 | Encolar | Scout Cavalry |
| 23:20 | Encolar | Villager (Male) |
| 23:22 | Construir | Farm |
| 23:22 | Construir | Farm |
| 23:22 | Construir | Farm |
| 23:24 | Encolar | Villager (Male) |
| 23:27 | Construir | Farm |
| 23:27 | Construir | Farm |
| 23:42 | Encolar | Villager (Male) |
| 24:03 | Construir | Farm |
| 24:04 | Construir | Farm |
| 24:29 | Construir | Farm |
| 24:30 | Construir | Farm |
| 24:49 | Investigar | Castle Age |
| 24:49 | Investigar | Castle Age |
| 24:54 | Construir | Stable |
| 25:19 | Construir | Watch Tower |
| 25:31 | Investigar | Bloodlines |
| 25:31 | Investigar | Bloodlines |
| 25:53 | Construir | Palisade Wall |
| 25:57 | Construir | Palisade Wall |
| 25:58 | Construir | Palisade Wall |
| 26:27 | Construir | Palisade Wall |
| 26:32 | Construir | Market |
Build order — Gnocchini
Primeras 150 de 202 acciones detectadas
| 0:00 | Encolar | Villager (Male) |
| 0:01 | Encolar | Villager (Male) |
| 0:01 | Encolar | Villager (Male) |
| 0:01 | Encolar | Villager (Male) |
| 0:03 | Construir | House |
| 0:05 | Construir | House |
| 1:40 | Encolar | Villager (Male) |
| 1:40 | Encolar | Villager (Male) |
| 1:54 | Encolar | Villager (Male) |
| 1:54 | Encolar | Villager (Male) |
| 2:21 | Construir | Lumber Camp |
| 2:31 | Encolar | Villager (Male) |
| 2:31 | Encolar | Villager (Male) |
| 2:46 | Encolar | Villager (Male) |
| 2:46 | Encolar | Villager (Male) |
| 3:19 | Encolar | Villager (Male) |
| 3:20 | Encolar | Villager (Male) |
| 3:20 | Encolar | Villager (Male) |
| 3:49 | Construir | House |
| 4:08 | Encolar | Villager (Male) |
| 4:09 | Encolar | Villager (Male) |
| 4:09 | Encolar | Villager (Male) |
| 4:27 | Construir | Mill |
| 4:45 | Encolar | Villager (Male) |
| 4:45 | Encolar | Villager (Male) |
| 4:46 | Encolar | Villager (Male) |
| 5:55 | Investigar | Loom |
| 6:39 | Investigar | Feudal Age |
| 6:39 | Investigar | Feudal Age |
| 7:14 | Construir | House |
| 7:15 | Construir | Palisade Wall |
| 7:16 | Construir | Palisade Wall |
| 7:17 | Construir | Palisade Wall |
| 7:21 | Construir | Palisade Wall |
| 8:23 | Encolar | Villager (Male) |
| 8:23 | Encolar | Villager (Male) |
| 8:51 | Edad | Edad Feudal |
| 8:56 | Construir | Town Center |
| 9:13 | Construir | House |
| 9:16 | Construir | House |
| 9:27 | Construir | Palisade Wall |
| 9:29 | Construir | Palisade Wall |
| 9:33 | Construir | Palisade Wall |
| 9:36 | Construir | Palisade Wall |
| 9:40 | Construir | Palisade Wall |
| 9:45 | Encolar | Villager (Male) |
| 9:45 | Encolar | Villager (Male) |
| 9:49 | Investigar | Double-Bit Axe |
| 10:11 | Encolar | Villager (Male) |
| 10:35 | Encolar | Villager (Male) |
| 10:35 | Encolar | Villager (Male) |
| 10:51 | Construir | Market |
| 10:53 | Construir | House |
| 11:01 | Encolar | Villager (Male) |
| 11:37 | Encolar | Villager (Male) |
| 11:53 | Encolar | Villager (Male) |
| 11:53 | Encolar | Villager (Male) |
| 12:12 | Construir | Lumber Camp |
| 12:14 | Encolar | Villager (Male) |
| 12:15 | Encolar | Villager (Male) |
| 12:15 | Encolar | Villager (Male) |
| 12:42 | Construir | House |
| 12:43 | Construir | House |
| 12:48 | Encolar | Villager (Male) |
| 12:48 | Encolar | Villager (Male) |
| 13:07 | Construir | Palisade Wall |
| 13:32 | Construir | House |
| 13:41 | Construir | House |
| 13:45 | Construir | House |
| 13:52 | Encolar | Villager (Male) |
| 13:52 | Encolar | Villager (Male) |
| 13:53 | Encolar | Villager (Male) |
| 14:05 | Construir | Lumber Camp |
| 14:49 | Encolar | Villager (Male) |
| 14:51 | Encolar | Villager (Male) |
| 14:51 | Encolar | Villager (Male) |
| 14:53 | Encolar | Villager (Male) |
| 14:54 | Encolar | Villager (Male) |
| 14:59 | Construir | House |
| 14:59 | Construir | House |
| 15:14 | Construir | Farm |
| 15:15 | Construir | Farm |
| 15:25 | Encolar | Villager (Male) |
| 15:25 | Encolar | Villager (Male) |
| 15:25 | Encolar | Villager (Male) |
| 15:31 | Construir | Mining Camp |
| 15:33 | Encolar | Villager (Male) |
| 15:33 | Encolar | Villager (Male) |
| 15:56 | Construir | House |
| 16:04 | Construir | House |
| 16:17 | Construir | House |
| 16:18 | Construir | House |
| 16:24 | Encolar | Villager (Male) |
| 16:24 | Encolar | Villager (Male) |
| 16:24 | Encolar | Villager (Male) |
| 16:33 | Construir | Lumber Camp |
| 16:58 | Construir | Lumber Camp |
| 17:30 | Construir | Blacksmith |
| 17:35 | Construir | Farm |
| 17:36 | Construir | Farm |
| 18:07 | Construir | Farm |
| 18:08 | Construir | Farm |
| 18:13 | Investigar | Castle Age |
| 18:31 | Construir | Farm |
| 18:41 | Construir | Barracks |
| 18:43 | Encolar | Villager (Male) |
| 19:09 | Investigar | Wheelbarrow |
| 19:19 | Investigar | Gold Mining |
| 19:56 | Construir | Farm |
| 20:03 | Encolar | Villager (Male) |
| 20:15 | Construir | Siege Workshop |
| 20:49 | Construir | Stable |
| 20:53 | Edad | Edad de los Castillos |
| 20:57 | Encolar | Villager (Male) |
| 20:59 | Encolar | Battering Ram |
| 21:04 | Encolar | Villager (Male) |
| 21:04 | Encolar | Villager (Male) |
| 21:16 | Construir | Town Center |
| 21:32 | Construir | House |
| 21:52 | Encolar | Knight |
| 21:53 | Encolar | Knight |
| 21:56 | Encolar | Villager (Male) |
| 21:56 | Encolar | Villager (Male) |
| 21:56 | Encolar | Villager (Male) |
| 22:05 | Encolar | Battering Ram |
| 22:10 | Construir | Lumber Camp |
| 22:32 | Encolar | Knight |
| 22:40 | Construir | Town Center |
| 23:20 | Investigar | Bloodlines |
| 23:23 | Encolar | Villager (Male) |
| 23:23 | Encolar | Villager (Male) |
| 23:27 | Construir | Farm |
| 23:27 | Construir | Farm |
| 23:28 | Construir | Farm |
| 24:23 | Encolar | Villager (Male) |
| 24:23 | Encolar | Villager (Male) |
| 24:23 | Encolar | Villager (Male) |
| 24:24 | Encolar | Villager (Male) |
| 24:56 | Encolar | Battering Ram |
| 24:58 | Encolar | Villager (Male) |
| 24:58 | Encolar | Villager (Male) |
| 25:11 | Encolar | Villager (Male) |
| 25:11 | Encolar | Villager (Male) |
| 25:54 | Encolar | Villager (Male) |
| 25:54 | Encolar | Villager (Male) |
| 26:03 | Construir | Castle |
| 26:17 | Encolar | Villager (Male) |
| 26:17 | Encolar | Villager (Male) |
| 26:18 | Encolar | Villager (Male) |
| 26:37 | Encolar | Villager (Male) |
Cronología de la partida
| 7:15 | Gnocchini · wall_segment Palisade Wall x1 |
| 7:16 | Gnocchini · wall_segment Palisade Wall x1 |
| 7:17 | Gnocchini · wall_segment Palisade Wall x1 |
| 7:21 | Gnocchini · wall_segment Palisade Wall x4 |
| 7:31 | Lord_calderon · wall_segment Palisade Wall x1 |
| 7:39 | Lord_calderon · wall_segment Palisade Wall x4 |
| 7:47 | Lord_calderon · wall_segment Palisade Wall x3 |
| 8:43 | Lord_calderon · age_up feudal |
| 8:51 | Gnocchini · age_up feudal |
| 9:27 | Gnocchini · wall_segment Palisade Wall x1 |
| 9:29 | Gnocchini · wall_segment Palisade Wall x1 |
| 9:33 | Gnocchini · wall_segment Palisade Wall x1 |
| 9:36 | Gnocchini · wall_segment Palisade Wall x1 |
| 9:40 | Gnocchini · wall_segment Palisade Wall x1 |
| 9:57 | Lord_calderon · wall_segment Palisade Wall x1 |
| 10:01 | Lord_calderon · wall_segment Palisade Wall x1 |
| 11:19 | Lord_calderon · wall_segment Palisade Wall x1 |
| 11:21 | Lord_calderon · wall_segment Palisade Wall x1 |
| 11:24 | Lord_calderon · wall_segment Palisade Wall x1 |
| 11:27 | Lord_calderon · wall_segment Palisade Wall x1 |
| 11:52 | Gnocchini · first_market_buy 500 food |
| 13:07 | Gnocchini · wall_segment Palisade Wall x1 |
| 16:59 | Lord_calderon · wall_segment Palisade Wall x1 |
| 17:01 | Lord_calderon · wall_segment Palisade Wall x1 |
| 18:28 | Lord_calderon · wall_segment Palisade Wall x2 |
| 18:41 | Gnocchini · first_building Barracks |
| 19:38 | Lord_calderon · wall_segment Palisade Wall x1 |
| 19:41 | Lord_calderon · wall_segment Palisade Wall x1 |
| 19:42 | Lord_calderon · wall_segment Palisade Wall x1 |
| 20:15 | Gnocchini · first_building Siege Workshop |
| 20:34 | Lord_calderon · first_building Stable |
| 20:49 | Gnocchini · first_building Stable |
| 20:53 | Gnocchini · age_up castle |
| 25:53 | Lord_calderon · wall_segment Palisade Wall x1 |
| 25:57 | Lord_calderon · wall_segment Palisade Wall x1 |
| 25:58 | Lord_calderon · wall_segment Palisade Wall x2 |
| 26:03 | Gnocchini · first_building Castle |
| 26:27 | Lord_calderon · wall_segment Palisade Wall x1 |
| 27:29 | Lord_calderon · age_up castle |
| 27:56 | Lord_calderon · first_market_sell 100 food |
| 32:59 | Lord_calderon · resign |
[ ANÁLISIS IA · 1 CRÉDITO ]
¿Qué pasó realmente en esta partida?
Wolo.gg analiza cada decisión: build order, eco, micro, errores típicos por bracket. Análisis personalizado por WhatsApp o Discord en 30 segundos.
Guía civ
Jemeres
Perfil
Jugador #2723392